 Dungeon Crawl Stone Soup version 0.29-a0-330-g52719c12eb (webtiles) character file.

Game seed: 3041651932733069176

354 Aelig the Vexing (level 6, -3/32 HPs)
             Began as a Vampire Enchanter on May 21, 2022.
             Was a Follower of Uskayaw.
             Slain by an ogre (11 damage)
             ... on level 5 of the Dungeon.
             The game lasted 00:08:38 (3827 turns).

Aelig the Vexing (Vampire Enchanter)                Turns: 3827, Time: 00:08:38

Health: -3/32      AC:  4    Str:  7    XL:     6   Next: 35%
Magic:  1/10       EV: 12    Int: 20    God:    Uskayaw [*.....]
Gold:   83         SH:  0    Dex: 14    Spells: 0/11 levels left

rFire   . . .      SeeInvis +   a - +1 dagger
rCold   + + .      Faith    .   (no shield)
rNeg    + + +      Spirit   .   p - +0 robe
rPois   ∞          Reflect  .   t - +0 helmet
rElec   .          Harm     .   o - +0 cloak
rCorr   .          Rampage  .   (no gloves)
Will    .....                   (no boots)
Stlth   +++++.....              (no amulet)
HPRegen 0.00/turn               (no ring)
MPRegen 0.12/turn               (no ring)

@: very slightly contaminated, bloodless, inhibited regen
A: bloodless, fangs 3, see invisible, vampiric 2
a: Bat Form, Revivify, Renounce Religion, Stomp


You were on level 5 of the Dungeon.
You worshipped Uskayaw.
Uskayaw was noncommittal.
You visited 1 branch of the dungeon, and saw 5 of its levels.

You collected 83 gold pieces.

Inventory:

Hand Weapons
 a - a +1 dagger (weapon)
 b - the +6 whip "Gifob" {speed, Int+3}
   (You found it on level 2 of the Dungeon)

   Attacks with this weapon are significantly faster.
   Int:       It affects your intelligence (+3).
Missiles
 r - 211 stones (quivered)
Armour
 o - a +0 cloak (worn)
 p - a +0 robe (worn)
 t - a +0 helmet (worn)
Wands
 u - a wand of iceblast (8)
Scrolls
 e - 2 scrolls of amnesia
 f - 4 scrolls of teleportation
 h - a scroll of noise {unknown}
 i - a scroll of holy word {unknown}
 k - 2 scrolls of vulnerability {unknown}
 l - a scroll of brand weapon
 m - a scroll of magic mapping {unknown}
 q - a scroll of enchant weapon {unknown}
 s - a scroll of enchant armour {unknown}
Potions
 c - 2 potions of invisibility
 d - 3 potions of curing
 g - 2 potions of lignification {unknown}
 j - 2 potions of heal wounds
 n - a potion of ambrosia {unknown}


   Skills:
 + Level 2.8 Short Blades
 - Level 2.1 Dodging
 + Level 6.1 Stealth
 + Level 3.1 Spellcasting
 * Level 7.3 Hexes
 - Level 2.0 Ice Magic


You couldn't memorise any spells.
You knew the following spells:

 Your Spells              Type           Power      Damage    Failure   Level
a - Ensorcelled Hibernat  Hex/Ice        42%        N/A       3%          2
b - Confusing Touch       Hex            32%        N/A       1%          3
c - Tukima's Dance        Hex            32%        N/A       1%          3
d - Dazzling Flash        Conj/Hex       34%        N/A       10%         3

Your spell library contained the following spells:

 Spells                   Type           Power      Damage    Failure   Level


Dungeon Overview and Level Annotations

Branches:
Dungeon (5/15)
 Temple: D:4-7

Altars:
Uskayaw

Annotations:
D:4 Blork the orc, Pikel, Robin
D:5 Edmund


Innate Abilities, Weirdness & Mutations

You do not regenerate when monsters are visible.
You are frail without blood (-20% HP).
You can heal yourself when you bite living creatures.
You are immune to poison.
You have razor-sharp teeth.
You have supernaturally acute eyesight. (SInv)
You are afflicted with vampirism and can become a bat while bloodless.


Message History

The ogre shouts!
The +0 giant club dances into the air!
Casting: Tukima's Dance (safe; 1% risk of failure)
Confirm with . or Enter, or press ? or * to list all spells.
Aiming: Ensorcelled Hibernation (safe; 3% risk of failure)
Press: ? - help, Shift-Dir - straight line, f/p - ogre
Aim: an ogre (ally target, chance to affect: 53%)
The ogre resists with significant effort.
Casting: Ensorcelled Hibernation (safe; 3% risk of failure)
Confirm with . or Enter, or press ? or * to list all spells.
Aiming: Ensorcelled Hibernation (safe; 3% risk of failure)
Press: ? - help, Shift-Dir - straight line, f/p - ogre
Aim: an ogre (ally target, chance to affect: 53%)
The ogre resists with significant effort.
Casting: Ensorcelled Hibernation (safe; 3% risk of failure)
Confirm with . or Enter, or press ? or * to list all spells.
You miscast Confusing Touch.
You are very lightly contaminated with residual magic.
Nothing appears to happen.
The ogre barely misses you.
You closely miss the ogre. The ogre hits you!!
Ouch! That really hurt!
You hit the ogre.
The ogre is lightly wounded.
You hit the ogre.
The ogre is moderately wounded.
The ogre misses you.
Your +0 giant club hits the ogre!
You hit the ogre but do no damage.
The ogre is heavily wounded.
The hound bites your +0 giant club but does no damage.
Your +0 giant club hits the hound!
The white imp gestures at you.
The puff of frost hits your +0 giant club.
Your +0 giant club completely resists.
The ogre attacks as you move away! The ogre hits you.
* * * LOW HITPOINT WARNING * * *
Okay, then.
Okay, then.
Okay, then.
The ogre attacks as you move away! The ogre hits you!
You die...

#†.........# ..
#.########.# ##
##...## ##.....##
#.......# ##.....##
##...## ###.# #@.#
#########O##
#........h# ## ##
#.######(###.#.l.##
#...........
#.###.#[..## #.#
... ... #.# .(... .
..# .......


You could see an ogre (ally target), a hound and a friendly +0 giant club.

Vanquished Creatures
  A sky beast (D:3)
  A vampire bat (D:5)
  2 hounds (D:5)
  An orc wizard (D:4)
  4 adders
  A worm (D:2)
  2 dart slugs
  An orc (D:4)
  7 endoplasms
  2 giant cockroaches
  10 goblins
  7 hobgoblins
  2 jackals (D:3)
  10 quokkas
  3 ball pythons
  15 bats
  5 frilled lizards
  10 kobolds
  8 rats
92 creatures vanquished.

Vanquished Creatures (others)
  16 plants (D:2)
16 creatures vanquished.

Grand Total: 108 creatures vanquished

Notes
Turn   | Place    | Note
-------+----------+-------------------------------------------
     0 | D:1      | Aelig the Vampire Enchanter began the quest for the Orb.
     0 | D:1      | Reached XP level 1. HP: 13/13 MP: 3/3
   106 | D:1      | Reached XP level 2. HP: 19/19 MP: 5/5
   109 | D:1      | Learned a level 2 spell: Ensorcelled Hibernation
   316 | D:1      | Reached skill level 5 in Hexes
   563 | D:1      | Gained mutation: You are afflicted with vampirism and can
                  | become a bat while bloodless. [Vampire growth]
   563 | D:1      | Reached XP level 3. HP: 4/24 MP: 6/6
   933 | D:2      | Learned a level 3 spell: Confusing Touch
  1141 | D:2      | Identified the +6 whip "Gifob" {speed, Int+3}
  1146 | D:2      | Reached skill level 5 in Stealth
  1249 | D:2      | Reached skill level 1 in Ice Magic
  1473 | D:2      | Reached XP level 4. HP: 15/24 MP: 5/7
  1805 | D:2      | Found a faded altar of an unknown god.
  2371 | D:3      | Noticed a sky beast
  2400 | D:3      | Killed a sky beast
  2401 | D:3      | Reached skill level 6 in Hexes
  2401 | D:3      | Reached XP level 5. HP: 28/28 MP: 0/9
  3062 | D:4      | Noticed Blork the orc
  3370 | D:4      | Found a hide-covered altar of Uskayaw.
  3562 | D:4      | Became a worshipper of Uskayaw the Reveller
  3647 | D:4      | Noticed Robin
  3647 | D:4      | Noticed Pikel
  3647 | D:4      | Noticed a lemure
  3647 | D:4      | Noticed a lemure
  3647 | D:4      | Noticed a lemure
  3648 | D:4      | Noticed a lemure
  3668 | D:5      | Entered Level 5 of the Dungeon
  3678 | D:5      | Reached * piety under Uskayaw
  3679 | D:5      | Reached XP level 6. HP: 32/32 MP: 10/10
  3681 | D:5      | Noticed Edmund
  3702 | D:5      | Learned a level 3 spell: Tukima's Dance
  3706 | D:5      | Learned a level 3 spell: Dazzling Flash
  3730 | D:5      | Reached skill level 7 in Hexes
  3758 | D:5      | Reached ** piety under Uskayaw
  3777 | D:5      | Reached *** piety under Uskayaw
  3786 | D:5      | Reached **** piety under Uskayaw
  3827 | D:5      | Slain by an ogre

Illustrated notes

Levels and vault maps discovered:
D:1:      roderic_octagonal_star, layout_rooms, grunt_decor_arrowhead,
          st_stairs_11, dreamdust_princess_bridge
D:2:      layout_basic, shapermc_ecumenical_altar_mp_ritualfount,
          lexackson_kobold_supper
D:3:      layout_loops_ring, serial_rivers, chequers_serial_rivers_large_a,
          chequers_serial_rivers_micro_b, chequers_serial_rivers_micro_e,
          chequers_serial_rivers_micro_e, chequers_serial_rivers_micro_c,
          grunt_ministairs_10
D:4:      layout_gridville, nicolae_uskayaw_murder_on_the_dancefloor,
          minmay_misc_feat_encased, uniq_robin, uniq_pikel, uniq_blork_the_orc,
          uniq_duvessa
D:5:      layout_loops_ring, minmay_temple_entry_antechambers, roderic_batcave,
          uniq_edmund

Skill      XL: |  1  2  3  4  5  6 |
---------------+-------------------+-----
Hexes          | 5 6 7 |  7.3
Stealth        | 5 6 |  6.1
Ice Magic      | 1 2 |  2.0
Short Blades   | 2 |  2.8
Spellcasting   | 3 |  3.1
Dodging        | |  2.1

Action                   |  1- 3 |  4- 6 || total
-------------------------+-------+-------++-------
Melee: Dagger            |   120 |   132 ||   252
       Bite              |     6 |     5 ||    11
       Punch             |       |     1 ||     1
 Cast: Ensorcelled Hiber |     4 |    14 ||    18
       Confusing Touch   |       |     2 ||     2
       Tukima's Dance    |       |     1 ||     1
 Abil: Exsanguinate      |     1 |       ||     1
  Use: Scroll            |       |     5 ||     5
 Stab: Sleeping          |    16 |    20 ||    36
       Confused          |       |     3 ||     3
Armor: Robe              |    24 |    38 ||    62
Dodge: Dodged            |    72 |    62 ||   134

Table legend: (Time is in decaauts)
 A = Elapsed time spent in this place.
 B = Non-inter-level travel time spent in this place.
 C = Inter-level travel time spent in this place.
 D = Time resting spent in this place.
 E = Time spent auto-exploring this place.
 F = Levels seen in this place.
 G = Mean time per level.
                   A        B        C        D        E       F      G
               +--------+--------+--------+--------+--------+-----+--------+
         Total |   3811 |   3761 |     50 |    673 |   2034 |   5 |  762.2 |
       Dungeon |   3811 |   3761 |     50 |    673 |   2034 |   5 |  762.2 |
               +--------+--------+--------+--------+--------+-----+--------+

Top non-repeatable levels by time:
     D:2: 1186 daAuts
     D:3: 988 daAuts
     D:1: 877 daAuts
     D:4: 605 daAuts
     D:5: 154 daAuts
